 Dungeon Crawl Stone Soup version 0.28.0-45-g0d030f2227 (webtiles) character file.

Game seed: 7326224653918404705

105 Ablot the Cutter (level 4, -1/41 HPs)
             Began as a Gnoll Chaos Knight on Apr 10, 2022.
             Was a Plaything of Xom.
             Slain by a gnoll
             ... wielding a +0 club
              (4 damage)
             ... on level 2 of the Dungeon.
             The game lasted 00:02:15 (1347 turns).

Ablot the Cutter (Gnoll Chaos Knight)               Turns: 1347, Time: 00:02:16

Health: -1/41      AC:  5    Str: 13    XL:     4   Next: 81%
Magic:  5/5        EV: 12    Int: 11    God:    Xom [......]
Gold:   36         SH:  0    Dex: 12    Spells: 5/5 levels left

rFire   . . .      SeeInvis .   a - +0 short sword (chaos)
rCold   . . .      Faith    .   (no shield)
rNeg    . . .      Spirit   .   b - +2 leather armour
rPois   .          Reflect  .   (no helmet)
rElec   .          Harm     .   (no cloak)
rCorr   .          Rampage  .   (no gloves)
Will    .....                   (no boots)
Stlth   +.........              (no amulet)
HPRegen 0.13/turn               (no ring)
MPRegen 0.09/turn               (no ring)

@: mighty
A: fangs 1, strong nose, distributed training
a: Renounce Religion


You were on level 2 of the Dungeon.
You worshipped Xom.
You were a very special plaything of Xom.
You visited 1 branch of the dungeon, and saw 2 of its levels.

You collected 36 gold pieces.

Inventory:

Hand Weapons
 a - a +0 short sword of chaos (weapon)
Missiles
 c - 51 stones
 d - 22 arrows
 i - 6 boomerangs (quivered)
 j - 21 sling bullets
Armour
 b - a +2 leather armour (worn)
Scrolls
 e - a scroll of enchant weapon {unknown}
 f - a scroll of identify {unknown}
 g - a scroll of teleportation {unknown}


   Skills:
 + Level 6.6 Fighting
 + Level 6.6 Short Blades
 + Level 1.2 Long Blades
 + Level 1.2 Axes
 + Level 1.2 Maces & Flails
 + Level 1.2 Polearms
 + Level 1.2 Staves
 + Level 1.2 Slings
 + Level 1.2 Bows
 + Level 1.2 Crossbows
 + Level 1.2 Throwing
 + Level 4.7 Armour
 + Level 2.8 Dodging
 + Level 1.2 Stealth
 + Level 1.2 Shields
 + Level 1.2 Unarmed Combat
 + Level 1.2 Spellcasting
 + Level 1.0 Conjurations
 + Level 1.0 Hexes
 + Level 1.0 Summonings
 + Level 1.0 Necromancy
 + Level 1.0 Translocations
 + Level 1.0 Transmutations
 + Level 1.0 Fire Magic
 + Level 1.0 Ice Magic
 + Level 1.0 Air Magic
 + Level 1.0 Earth Magic
 + Level 1.0 Poison Magic
 + Level 1.4 Invocations
 + Level 1.2 Evocations


You had 5 spell levels left.
You didn't know any spells.
Your spell library contained the following spells:

 Spells                   Type           Power      Damage    Failure   Level
 Tukima's Dance           Hex            3%         N/A       58%         3
 Anguish                  Hex/Necr       1%         N/A       94%         4
 Enfeeble                 Hex            1%         N/A       100%        7


Dungeon Overview and Level Annotations

Branches:
Dungeon (2/15)

Altars:


Innate Abilities, Weirdness & Mutations

You have very sharp teeth.
Your uncanny sense of smell can sniff out nearby items.
Your experience applies equally to all skills.


Message History

The hobgoblin is lightly wounded.
The gnoll closely misses you. The hobgoblin completely misses you.
You hit the hobgoblin but do no damage.
Lightning courses through the hobgoblin!!
You kill the hobgoblin!
The gnoll hits you from afar with a +0 spear.
Unknown command.
The hobgoblin no longer looks unusually strong.
The goblin no longer looks unusually strong.
The gnoll hits you from afar with a +0 spear.
The gnoll hits you with a +0 spear.
You hit the gnoll. You freeze the gnoll. Your bite misses the gnoll.
The gnoll is severely wounded.
The gnoll hits you with a +0 spear.
You hit the gnoll. You burn the gnoll.
The gnoll is almost dead.
You hit the gnoll but do no damage.
The gnoll seems to grow stronger.
The gnoll is almost dead.
The gnoll closely misses you.
You barely miss the gnoll. Your bite misses the gnoll.
The gnoll is almost dead.
The gnoll hits you with a +0 spear.
* * * LOW HITPOINT WARNING * * *
You hit the gnoll.
You kill the gnoll!
You hit the gnoll but do no damage. Your bite misses the gnoll.
The gnoll hits you with a +0 club.
* * * LOW HITPOINT WARNING * * *
You hit the gnoll but do no damage.
The gnoll flickers and vanishes!
Deactivating autopickup; reactivate with Ctrl-A.
Something barely misses you.
You closely miss something. Your bite misses something.
You completely miss something. Something hits you.
* * * LOW HITPOINT WARNING * * *
It was a potion of might.
You feel very mighty all of a sudden.
Xom roars with laughter!
Something hits you.
You die...
Xom bursts into laughter!

#.......####.#
?...##### ### # #. .
#. #.. #.### ...
#...# >. #@# ##.# #{#
##...## #g# #.....#
#g# #...gg######g#
###...ggg.g).gg######
......gg#####gg...))#
#........#
#.#####†#####
#..#.#g#.#
#......)....#


You could see 2 gnolls, a hobgoblin and 4 goblins.

Vanquished Creatures
  Robin (D:2)
  4 gnolls (D:2)
  A worm (D:2)
  3 dart slugs
  4 bats
  6 endoplasms
  A goblin (D:2)
  5 hobgoblins
  5 jackals
  3 kobolds (D:1)
  2 quokkas (D:1)
  4 ball pythons (D:1)
  5 frilled lizards (D:1)
  4 rats
48 creatures vanquished.

Notes
Turn   | Place    | Note
-------+----------+-------------------------------------------
     0 | D:1      | Ablot the Gnoll Chaos Knight began the quest for the Orb.
     0 | D:1      | Reached XP level 1. HP: 23/23 MP: 1/1
   211 | D:1      | Reached XP level 2. HP: 27/29 MP: 2/2
   413 | D:1      | Reached XP level 3. HP: 30/35 MP: 3/3
   705 | D:1      | XOM: divination: detect creatures
   788 | D:1      | Reached skill level 1 in Invocations
  1056 | D:2      | Noticed Robin
  1059 | D:2      | XOM: 4-stop teleportation journey
  1067 | D:2      | Reached skill level 1 in Long Blades
  1067 | D:2      | Reached skill level 1 in Axes
  1067 | D:2      | Reached skill level 1 in Maces & Flails
  1067 | D:2      | Reached skill level 1 in Polearms
  1067 | D:2      | Reached skill level 1 in Staves
  1067 | D:2      | Reached skill level 1 in Slings
  1067 | D:2      | Reached skill level 1 in Bows
  1067 | D:2      | Reached skill level 1 in Crossbows
  1067 | D:2      | Reached skill level 1 in Throwing
  1067 | D:2      | Reached skill level 1 in Stealth
  1067 | D:2      | Reached skill level 1 in Shields
  1067 | D:2      | Reached skill level 1 in Unarmed Combat
  1067 | D:2      | Reached skill level 1 in Spellcasting
  1067 | D:2      | Reached skill level 1 in Evocations
  1067 | D:2      | Reached XP level 4. HP: 19/41 MP: 5/5
  1314 | D:2      | Killed Robin
  1315 | D:2      | Reached skill level 1 in Conjurations
  1315 | D:2      | Reached skill level 1 in Hexes
  1315 | D:2      | Reached skill level 1 in Summonings
  1315 | D:2      | Reached skill level 1 in Necromancy
  1315 | D:2      | Reached skill level 1 in Translocations
  1315 | D:2      | Reached skill level 1 in Transmutations
  1315 | D:2      | Reached skill level 1 in Fire Magic
  1315 | D:2      | Reached skill level 1 in Ice Magic
  1315 | D:2      | Reached skill level 1 in Air Magic
  1315 | D:2      | Reached skill level 1 in Earth Magic
  1315 | D:2      | Reached skill level 1 in Poison Magic
  1347 | D:2      | Slain by a gnoll

Illustrated notes

Levels and vault maps discovered:
D:1:      dpeg_arrival_boxorama, layout_basic, chequers_serial_rivers_small_b,
          chequers_serial_rivers_room_a, minmay_fountain_box
D:2:      layout_loops_cross, uniq_robin

Skill      XL: |  1  2  3  4 |
---------------+-------------+-----
Invocations    | 1 |  1.4
Long Blades    | 1 |  1.2
Axes           | 1 |  1.2
Maces & Flails | 1 |  1.2
Polearms       | 1 |  1.2
Staves         | 1 |  1.2
Slings         | 1 |  1.2
Bows           | 1 |  1.2
Crossbows      | 1 |  1.2
Throwing       | 1 |  1.2
Stealth        | 1 |  1.2
Shields        | 1 |  1.2
Unarmed Combat | 1 |  1.2
Spellcasting   | 1 |  1.2
Evocations     | 1 |  1.2
Conjurations   | 1 |  1.0
Hexes          | 1 |  1.0
Summonings     | 1 |  1.0
Necromancy     | 1 |  1.0
Translocations | 1 |  1.0
Transmutations | 1 |  1.0
Fire Magic     | 1 |  1.0
Ice Magic      | 1 |  1.0
Air Magic      | 1 |  1.0
Earth Magic    | 1 |  1.0
Poison Magic   | 1 |  1.0
Fighting       | |  6.6
Short Blades   | |  6.6
Armour         | |  4.7
Dodging        | |  2.8

Action                   |  1- 3 |  4- 6 || total
-------------------------+-------+-------++-------
Melee: Short sword       |    95 |    47 ||   142
       Bite              |     9 |     7 ||    16
  Use: Potion            |       |     1 ||     1
 Stab: Petrifying        |     1 |       ||     1
       Sleeping          |     1 |       ||     1
Armor: Leather armour    |    26 |    11 ||    37
Dodge: Dodged            |    53 |    21 ||    74
